 Dungeon Crawl Stone Soup version 0.21.1-1-g345015f (webtiles) character file.

30 xccam the Charmwright (level 3, -8/46 HPs)
             Began as a Gnoll Skald on Feb 13, 2018.
             Mangled by an orc warrior
             ... wielding a +0 long sword
              (11 damage)
             ... on level 2 of the Dungeon.
             The game lasted 00:03:08 (672 turns).

xccam the Charmwright (Gnoll Skald)                  Turns: 672, Time: 00:03:08

Health: -8/46      AC: 21    Str: 14    XL:     3   Next: 20%
Magic:  4/9        EV:  2    Int: 15    God:
Gold:   39         SH:  0    Dex: 14    Spells: 11/12 levels left

rFire    . . .     SeeInvis .   a - +0 mace
rCold    . . .     Gourm    .   (no shield)
rNeg     + + +     Faith    .   (armour currently unavailable)
rPois    +         Spirit   .   (helmet currently unavailable)
rElec    .         Reflect  .   (cloak currently unavailable)
rCorr    .         Harm     .   (gloves currently unavailable)
MR       .....     NoTele   +   (boots currently unavailable)
Stlth    +.........             (no amulet)
HPRegen  0.15/turn              (no ring)
MPRegen  0.11/turn              (no ring)

@: confused, tree-form, infused
A: distributed training, strong nose
a: no special abilities


You were on level 2 of the Dungeon.
You were not hungry.
You were a tree.
You visited 1 branch of the dungeon, and saw 2 of its levels.

You collected 39 gold pieces.

Inventory:

Hand Weapons
 a - a +0 mace (weapon)
 e - a +0 spear
Missiles
 i - 33 bolts
Armour
 b - a +0 leather armour
 f - a +0 scale mail (melded)
Jewellery
 j - an uncursed ring of poison resistance {unknown}
Scrolls
 g - a scroll of teleportation {unknown}
 h - a scroll of fog {unknown}
 l - 2 scrolls of identify {unknown}
Potions
 k - a potion of lignification
Books
 c - a book of Battle

   Spells                             Type                      Level
   a - Infusion                       Charms                       1
   b - Shroud of Golubria             Charms/Translocation         2
   c - Song of Slaying                Charms                       2
   d - Spectral Weapon                Hexes/Charms                 3
   e - Regeneration                   Charms/Necromancy            3
Comestibles
 d - a ration


   Skills:
 + Level 4.5 Fighting
 + Level 0.6 Short Blades
 + Level 0.6 Long Blades
 + Level 0.6 Axes
 + Level 4.5 Maces & Flails
 + Level 0.6 Polearms
 + Level 0.6 Staves
 + Level 0.6 Slings
 + Level 0.6 Bows
 + Level 0.6 Crossbows
 + Level 0.6 Throwing
 + Level 2.5 Armour
 + Level 4.5 Dodging
 + Level 0.6 Stealth
 + Level 0.6 Shields
 + Level 0.6 Unarmed Combat
 + Level 5.0 Spellcasting
 + Level 0.4 Conjurations
 + Level 0.4 Hexes
 + Level 5.4 Charms
 + Level 0.4 Summonings
 + Level 0.4 Necromancy
 + Level 0.4 Translocations
 + Level 0.4 Transmutations
 + Level 0.4 Fire Magic
 + Level 0.4 Ice Magic
 + Level 0.4 Air Magic
 + Level 0.4 Earth Magic
 + Level 0.4 Poison Magic
 + Level 0.8 Invocations
 + Level 0.6 Evocations


You had 11 spell levels left.
You knew the following spells:

 Your Spells              Type           Power        Failure   Level  Hunger
a - Infusion              Chrm           ###.         1%          1    None


Dungeon Overview and Level Annotations

Branches:
Dungeon (2/15)

Altars:
Yredelemnul


Innate Abilities, Weirdness & Mutations

Your experience applies equally to all skills.
((You have very sharp teeth.))
Your uncanny sense of smell can sniff out nearby items.


Message History

The frilled lizard bites you but does no damage.
You hear some strange, mumbled words.
You are confused.
The orc warrior hits you but does no damage.
The orc hits you but does no damage.
The frilled lizard bites you but does no damage.
Something hits you but does no damage.
You cannot move. (Use ctrl+direction to attack without moving.) Unknown command.
Okay, then.
You cannot move. (Use ctrl+direction to attack without moving.)
You swing at nothing.
The orc warrior hits you with a long sword.
* * * LOW HITPOINT WARNING * * *
The orc hits you but does no damage. Something hits you but does no damage.
The frilled lizard bites you.
* * * LOW HITPOINT WARNING * * *
You miss something.
The orc warrior hits you with a long sword!
You die...

o.. ..# #
..#### #.
#....# ##..
##....#
....##.....####
#..=...o.......
####..o{l##..##
#..o♣## .#
#$...###..#
####......#
#####......#
####.....######
#.....)..<#
...........#
##.........#
####....###


You could see an orc warrior, 2 orcs and a frilled lizard.

Vanquished Creatures
  An adder (D:2)
  A giant cockroach (D:1)
  3 goblins (D:1)
  5 hobgoblins
  A kobold (D:1)
  A ball python (D:1)
  A bat (D:1)
  3 frilled lizards (D:1)
  5 rats (D:1)
21 creatures vanquished.

Notes
Turn   | Place    | Note
-------+----------+-------------------------------------------
     0 | D:1      | xccam the Gnoll Skald began the quest for the Orb.
     0 | D:1      | Reached XP level 1. HP: 20/20 MP: 6/6
   158 | D:1      | Reached XP level 2. HP: 26/26 MP: 7/7
   640 | D:2      | Found a basalt altar of Yredelemnul.
   654 | D:2      | Noticed an orc warrior
   664 | D:2      | Reached skill level 5 in Spellcasting
   664 | D:2      | Reached XP level 3. HP: 15/31 MP: 4/9
   672 | D:2      | Mangled by an orc warrior

Skill      XL: |  1  2 |
---------------+-------+-----
Spellcasting   | 5 |  5.0
Fighting       | |  4.5
Short Blades   | |  0.6
Long Blades    | |  0.6
Axes           | |  0.6
Maces & Flails | |  4.5
Polearms       | |  0.6
Staves         | |  0.6
Slings         | |  0.6
Bows           | |  0.6
Crossbows      | |  0.6
Throwing       | |  0.6
Armour         | |  2.5
Dodging        | |  4.5
Stealth        | |  0.6
Shields        | |  0.6
Unarmed Combat | |  0.6
Conjurations   | |  0.4
Hexes          | |  0.4
Charms         | |  5.4
Summonings     | |  0.4
Necromancy     | |  0.4
Translocations | |  0.4
Transmutations | |  0.4
Fire Magic     | |  0.4
Ice Magic      | |  0.4
Air Magic      | |  0.4
Earth Magic    | |  0.4
Poison Magic   | |  0.4
Invocations    | |  0.8
Evocations     | |  0.6

Action                   || total
-------------------------++-------
Melee: Mace              ||    64
       Bite              ||     5
 Cast: Infusion          ||     2
  Use: Potion            ||     1
Armor: Leather armour    ||    10
       Scale mail        ||     9
       Skin              ||    21
Dodge: Dodged            ||    51
